 Dungeon Crawl Stone Soup version 0.25.0-37-gb73750e0fb (webtiles) character file.

Game seed: 695097944122923184

55 Ethylacetat the Poker (level 3, 0/27 HPs)
             Began as a Demonspawn Gladiator on July 8, 2020.
             Slain by an orc
             ... wielding a +0 whip
              (2 damage)
             ... on level 3 of the Dungeon.
             The game lasted 00:02:17 (2248 turns).

Ethylacetat the Poker (Demonspawn Gladiator)        Turns: 2248, Time: 00:02:18

Health: 0/27       AC:  9    Str: 15    XL:     3   Next: 67%
Magic:  3/3        EV:  7    Int:  9    God:
Gold:   39         SH:  0    Dex: 14    Spells: 2/2 levels left

rFire    + . .     SeeInvis +   a - +0 trident
rCold    x . .     Gourm    .   (no shield)
rNeg     . . .     Faith    .   l - +0 chain mail (curse)
rPois    .         Spirit   .   c - +0 helmet
rElec    .         Reflect  .   (no cloak)
rCorr    .         Harm     .   (no gloves)
MR       .....                  (no boots)
Stlth    ..........             (no amulet)
HPRegen  0.09/turn              i - ring of see invisible
MPRegen  0.08/turn              r - ring of fire

@: lethally poisoned (0 -> -17)
A: talons 1, demonic guardian 1
a: no special abilities


You were on level 3 of the Dungeon.
You were not hungry.

You visited 1 branch of the dungeon, and saw 3 of its levels.

You collected 39 gold pieces.

Inventory:

Hand Weapons
 a - a +0 trident (weapon)
Missiles
 d - 3 throwing nets (quivered)
Armour
 b - a +0 leather armour
 c - a +0 helmet (worn)
 l - a cursed +0 chain mail (worn)
Jewellery
 i - a ring of see invisible (left hand)
 r - a ring of fire (right hand)
Scrolls
 e - 2 scrolls of remove curse {unknown}
 g - 4 scrolls of identify {unknown}
 h - a scroll of enchant armour {unknown}
 j - a scroll of fear {unknown}
 m - a scroll of noise {unknown}
 n - a scroll of immolation {unknown}
 p - a scroll of teleportation {unknown}
 q - 3 scrolls of amnesia {unknown}
Potions
 k - a potion of stabbing {unknown}
 o - 2 potions of mutation {unknown}
 s - a potion of might {unknown}
 t - a potion of haste {unknown}
Comestibles
 f - 3 rations
 u - 2 chunks of flesh


   Skills:
 + Level 2.2 Fighting
 + Level 3.7 Polearms
 + Level 1.8 Throwing
 + Level 0.6 Armour
 + Level 3.0 Dodging
 + Level 0.1 Stealth


You had 2 spell levels left.
You didn't know any spells.
Your spell library was empty.

Dungeon Overview and Level Annotations

Branches:
Dungeon (3/15)

Altars:
Kikubaaqudgha


Innate Abilities, Weirdness & Mutations

You have sharp toenails.
A weak demonic guardian rushes to your aid.


Message History

Unknown command.
You are too injured to fight recklessly!
You hit the orc but do no damage. The kobold barely misses you.
The orc wizard hits you but does no damage.
The orc warrior hits you with a +2 hand axe of venom!
* * * LOW HITPOINT WARNING * * *
You are more poisoned.
The orc warrior hits your quasit with a +2 hand axe of venom.
Your quasit is poisoned.
The orc hits you but does no damage.
The hobgoblin hits you but does no damage.
You hit the orc. You claw the orc.
The orc is almost dead.
* * * LOW HITPOINT WARNING * * *
You feel sick. The kobold hits you but does no damage.
The orc wizard hits you but does no damage.
Your quasit misses the hobgoblin.
Your quasit claws the hobgoblin.
Your quasit closely misses the hobgoblin.
The orc hits you with a +0 whip.
You die...

##.#. ......
#####+#.#'#.#
#...........#
#............
#...g5......#
...#..ooK......#
.....oo@g......#
....####'######
# #.# #.# #.#
#.# #. #.# ##
#.#.# #.# #.# #.
#.#.# #.# #.# #.


You could see an orc warrior, an orc wizard, 2 orcs, 2 hobgoblins, a kobold and
a friendly quasit (summoned, poisoned).

Vanquished Creatures
  2 adders
  A worm (D:2)
  A leopard gecko (D:1)
  A ball python (D:2)
  A bat zombie (D:1)
  4 giant cockroaches
  2 goblins
  6 hobgoblins
  3 bats
  5 frilled lizards
  2 kobolds
  A quokka zombie (D:1)
  4 rats
33 creatures vanquished.

Notes
Turn   | Place    | Note
-------+----------+-------------------------------------------
     0 | D:1      | Ethylacetat the Demonspawn Gladiator began the quest for
                  | the Orb.
     0 | D:1      | Reached XP level 1. HP: 16/16 MP: 1/1
   465 | D:1      | You fall into a shaft and drop 1 floor!
   473 | D:2      | Gained mutation: You have sharp toenails. [demonic
                  | ancestry]
   473 | D:2      | Reached XP level 2. HP: 22/22 MP: 2/2
  1684 | D:2      | Found an ancient bone altar of Kikubaaqudgha.
  1778 | D:2      | Gained mutation: A weak demonic guardian rushes to your
                  | aid. [demonic ancestry]
  1778 | D:2      | Reached XP level 3. HP: 10/27 MP: 3/3
  2235 | D:3      | Noticed an orc warrior
  2248 | D:3      | Slain by an orc

Illustrated notes

Levels and vault maps discovered:
D:1:      saegor_arrival_fortress, layout_loops_corners
D:2:      minmay_general_purpose_star, layout_loops_ring, lemuel_crystal_altar,
          hangedman_decor_lopped
D:3:      layout_basic

Skill      XL: |  1  2  3 |
---------------+----------+-----
Polearms       | 3 |  3.7
Dodging        | 3 |  3.0
Fighting       | |  2.2
Throwing       | |  1.8
Armour         | |  0.6
Stealth        | |  0.1

Action                   || total
-------------------------++-------
Melee: Trident           ||   124
       Kick              ||    22
 Stab: Sleeping          ||     2
  Eat: Chunk             ||     4
Armor: Leather armour    ||     6
       Chain mail        ||    68
Dodge: Dodged            ||    40
